 Dungeon Crawl Stone Soup version 0.29.0-10-g45618ea6d2 (webtiles) character file.

Game seed: 11926703358485513187

4092 Snarg the Jinx (level 10, -7/45 HPs)
             Began as a Spriggan Conjurer on Sept 1, 2022.
             Was an Initiate of Gozag.
             Mangled by Erica
             ... wielding a +2 scimitar of flaming
              (13 damage)
             ... on level 9 of the Dungeon on Sept 2, 2022.
             The game lasted 00:51:41 (11702 turns).

Snarg the Jinx (Spriggan Conjurer)                 Turns: 11702, Time: 00:51:41

Health: -7/45      AC:  4    Str:  3    XL:     10   Next: 5%
Magic:  16/17      EV: 21    Int: 30    God:    Gozag
Gold:   749        SH:  0    Dex: 24    Spells: 5/17 levels left

rFire   + . .      SeeInvis +   b - +12 mace of Ascent {elec, rF+ rC+ Int+3}
rCold   + . .      Faith    .   (no shield)
rNeg    + . .      Spirit   .   m - +0 robe
rPois   +          Reflect  .   (helmet restricted)
rElec   .          Harm     .   p - +1 cloak
rCorr   +          Rampage  .   (gloves unavailable)
Will    +....                   (boots unavailable)
Stlth   ++++......              r - amulet of magic regeneration
HPRegen 0.15/turn               A - ring of the Nightingale {rPois rN+ rCorr Dex+7}
MPRegen 0.55/turn               P - +6 ring of intelligence

@: very quick
A: very small, no large weapons, unfitting armour, see invisible, speed 3
a: Renounce Religion, Potion Petition, Call Merchant, Bribe Branch


You were on level 9 of the Dungeon.
You worshipped Gozag.
Gozag was pleased with you.
You visited 2 branches of the dungeon, and saw 10 of its levels.

You collected 837 gold pieces.
You paid 88 gold pieces to Gozag.

Inventory:

Hand Weapons
 a - a +2 dagger of speed
 b - the +12 mace of Ascent (weapon) {elec, rF+ rC+ Int+3}
   (You found it on level 8 of the Dungeon)

   It occasionally discharges a powerful burst of electricity upon striking a
   foe.
   Int:       It affects your intelligence (+3).
   rF:        It protects you from fire.
   rC:        It protects you from cold.
 l - a +1 dagger of holy wrath
 n - a +0 sling
 q - a +0 spear
 t - a +0 dagger
 v - a +1 dagger of venom
 D - a +3 falchion
 J - a +2 spear of distortion
 M - a +0 rapier
Missiles
 j - 12 poisoned darts
 z - 3 boomerangs of dispersal
 B - 2 boomerangs
Armour
 m - a +0 robe (worn)
 p - a +1 cloak (worn)
Jewellery
 f - a ring of protection from cold
 k - an amulet of reflection
 r - an amulet of magic regeneration (around neck)
 y - a +6 ring of strength
 A - the ring of the Nightingale (left hand) {rPois rN+ rCorr Dex+7}
   (You took it off a wight on level 7 of the Dungeon)

   [ring of positive energy]

   Dex:       It affects your dexterity (+7).
   rPois:     It protects you from poison.
   rN:        It protects you from negative energy.
   rCorr:     It protects you from acid and corrosion.
 L - a ring of flight
 P - a +6 ring of intelligence (right hand)
Wands
 u - a wand of flame (26)
 x - a wand of paralysis (7)
Scrolls
 h - a scroll of blinking
 C - 2 scrolls of fear {unknown}
 E - 5 scrolls of teleportation
 H - a scroll of enchant weapon
 I - a scroll of fog
 K - 2 scrolls of silence {unknown}
 N - a scroll of torment
 O - a scroll of enchant armour
Potions
 c - 2 potions of magic
 d - 2 potions of ambrosia
 e - 2 potions of curing
 g - 2 potions of flight
 i - 3 potions of attraction
 o - a potion of cancellation {unknown}
 s - 3 potions of heal wounds
 w - 3 potions of lignification
 F - 2 potions of haste
 G - 2 potions of brilliance {unknown}


   Skills:
 - Level 1.0 Fighting
 + Level 4.9 Short Blades
 + Level 5.3 Dodging
 + Level 5.6 Stealth
 - Level 4.0 Spellcasting
 + Level 7.5 Conjurations
 + Level 9.9 Hexes
 * Level 3.1 Translocations
 + Level 2.1 Evocations


You had 5 spell levels left.
You knew the following spells:

 Your Spells              Type           Power      Damage    Failure   Level
a - Magic Dart            Conj           100%       1d8       1%          1
b - Searing Ray           Conj           100%       2d8       1%          2
c - Dazzling Flash        Conj/Hex       100%       N/A       1%          3
d - Fulminant Prism       Conj/Hex       27%        3d14      1%          4
e - Blink                 Tloc           48%        N/A       2%          2

Your spell library contained the following spells:

 Spells                   Type           Power      Damage    Failure   Level
 Lesser Beckoning         Tloc           24%        N/A       5%          3
 Iskenderun's Mystic Bla  Conj/Tloc      38%        2d9       7%          4
 Manifold Assault         Tloc           24%        N/A       45%         5


Dungeon Overview and Level Annotations

Branches:
Dungeon (9/15)             Temple (1/1) D:5
   Lair: D:8-11         Orc: D:9-12

Altars:
Ashenzari
Cheibriados
Dithmenos
Elyvilon
Fedhas
Gozag
Hepliaklqana
Kikubaaqudgha
Makhleb
Nemelex Xobeh
Okawaru
Qazlal
Ru
Sif Muna
Trog
Uskayaw
Vehumet
Wu Jian
Xom
Yredelemnul
Zin
The Shining One

Annotations:
D:1 clr
D:2 clr
D:3 clr
D:4 clrclr
D:5 clr, Grinder
D:6 clr
D:7 clr
D:8 clr
D:9 Erica


Innate Abilities, Weirdness & Mutations

You are very small and have problems with some larger weapons.
You are too small for most types of armour.
You have supernaturally acute eyesight. (SInv)
You cover ground extremely quickly. (Speed+++)


Message History

Your Translocations skill increases to level 3!
The searing ray hits Erica!
Erica is heavily wounded.
The searing ray hits the kobold demonologist.
The kobold demonologist is moderately wounded.
The kobold demonologist is no longer distracted by gold.
Erica gestures wildly while chanting.
Erica flickers and vanishes for a moment.
The searing ray hits Erica!
Erica is severely wounded.
The searing ray hits the kobold demonologist!
The kobold demonologist is heavily wounded.
You finish channelling your searing ray.
Erica completely misses you. Erica closely misses you.
Erica points at you and mumbles some strange words.
The lance of force misses you.
The white imp shouts!
Erica hits you with a +2 scimitar of flaming!
Erica burns you.
A kobold comes into view. It is wielding a +0 whip.
Erica completely misses you.
Erica hits you with a +2 scimitar of flaming!
Erica burns you. Erica barely misses you.
The kobold demonologist begins to cast a cantrip, but forgets the words!
Erica closely misses you. Erica barely misses you. Erica barely misses you.
Erica hits you with a +2 scimitar of flaming!
* * * LOW HITPOINT WARNING * * *
Erica burns you.
* * * LOW HITPOINT WARNING * * *
Erica closely misses you.
The kobold demonologist mumbles some strange words.
Unknown command.
Unknown command.
Unknown command.
Erica hits you with a +2 scimitar of flaming!
You die...
Your body crumbles into a pile of gold. ######### #@@KK5K.. #########

You could see Erica (fast, invisible), a kobold demonologist, a white imp (summoned) and 2 kobolds.

Vanquished Creatures
  A two-headed ogre (D:8)
  An acid dragon (D:8)
  A water moccasin (D:7)
  A hornet zombie (D:7)
  3 black bears
  An ice beast (D:8)
  2 sky beasts
  A centaur (D:8)
  An ogre (D:7)
  A kobold brigand (D:9)
  2 necrophages
  3 bullfrogs
  4 wyvern zombies (D:7)
  2 scorpions (D:6)
  12 wights
  5 howler monkeys
  3 centaur zombies (D:7)
  A bullfrog zombie (D:7)
  4 hounds
  4 jellies
  An orc priest (D:3)
  An iguana (D:7)
  4 orc wizards
  2 killer bee zombies (D:7)
  3 howler monkey zombies (D:7)
  7 gnolls
  12 adders
  2 shadow imps
  2 worms (D:2)
  A dart slug (D:4)
  18 orcs
  5 ball pythons
  3 bats
  6 endoplasms
  A giant cockroach (D:4)
  2 hobgoblins
  2 jackals (D:1)
  5 kobolds
  5 quokkas
  4 frilled lizards
  15 goblins
  8 rats
  A bush (D:1)
163 creatures vanquished.

Vanquished Creatures (collateral kills)
  A killer bee zombie (D:7)
  A howler monkey zombie (D:7)
2 creatures vanquished.

Vanquished Creatures (others)
  9 fulminant prisms
  4 plants (D:1)
  9 withered plants (D:7)
22 creatures vanquished.

Grand Total: 187 creatures vanquished

Notes
Turn   | Place    | Note
-------+----------+-------------------------------------------
     0 | D:1      | Snarg the Spriggan Conjurer began the quest for the Orb.
     0 | D:1      | Reached XP level 1. HP: 9/9 MP: 5/5
   507 | D:1      | Reached XP level 2. HP: 13/13 MP: 4/6
   533 | D:1      | Learned a level 2 spell: Searing Ray
  1041 | D:1      | Found a faded altar of an unknown god.
  1649 | D:1      | Reached XP level 3. HP: 12/16 MP: 6/8
  2305 | D:2      | Reached XP level 4. HP: 21/21 MP: 5/9
  2517 | D:2      | Reached skill level 1 in Short Blades
  2847 | D:3      | Learned a level 3 spell: Dazzling Flash
  3281 | D:3      | Reached XP level 5. HP: 25/25 MP: 7/10
  3614 | D:4      | Learned a level 4 spell: Fulminant Prism
  3713 | D:4      | Reached skill level 1 in Hexes
  4556 | D:4      | Reached skill level 2 in Hexes
  4751 | D:4      | Reached skill level 1 in Fighting
  4841 | D:3      | Reached skill level 3 in Hexes
  4841 | D:3      | Reached XP level 6. HP: 30/30 MP: 8/11
  5092 | D:4      | Reached skill level 4 in Hexes
  5218 | D:5      | Entered Level 5 of the Dungeon
  5501 | D:5      | Found a staircase to the Ecumenical Temple.
  5511 | Temple   | Entered the Ecumenical Temple
  5777 | D:5      | Reached skill level 5 in Hexes
  6224 | D:5      | Reached XP level 7. HP: 30/33 MP: 8/12
  6342 | D:5      | Noticed Grinder
  7166 | D:6      | Found a broken altar of Ashenzari.
  7615 | D:6      | Reached skill level 5 in Dodging
  7728 | D:6      | Found a white marble altar of Elyvilon.
  7729 | D:6      | Found a snail-covered altar of Cheibriados.
  7736 | D:6      | Found a stormy altar of Qazlal.
  7736 | D:6      | Found an opulent altar of Gozag.
  7736 | D:6      | Found a shadowy altar of Dithmenos.
  7737 | D:6      | Found a hide-covered altar of Uskayaw.
  7737 | D:6      | Found a sparkling altar of Nemelex Xobeh.
  7738 | D:6      | Found a blossoming altar of Fedhas.
  7739 | D:6      | Found an iron altar of Okawaru.
  7744 | D:6      | Became a worshipper of Gozag Ym Sagoz the Greedy
  7801 | D:6      | Reached XP level 8. HP: 37/37 MP: 12/15
  7852 | D:6      | Reached skill level 5 in Stealth
  7880 | D:6      | Reached skill level 6 in Hexes
  8268 | D:7      | Reached skill level 5 in Conjurations
  8282 | D:7      | Reached skill level 7 in Hexes
  8540 | D:7      | Found a flagged portal.
  9109 | D:7      | Reached skill level 8 in Hexes
  9460 | D:7      | Reached XP level 9. HP: 41/41 MP: 12/16
 10359 | D:7      | Reached skill level 9 in Hexes
 10432 | D:7      | Identified the ring of the Nightingale {rPois rN+ rCorr
                  | Dex+7}
 10897 | D:8      | Learned a level 2 spell: Blink
 10901 | D:8      | Identified the +12 mace of Ascent {elec, rF+ rC+ Int+3}
 10991 | D:8      | Noticed a two-headed ogre
 11000 | D:8      | Killed a two-headed ogre
 11001 | D:8      | Reached skill level 1 in Evocations
 11009 | D:8      | Found a glowing silver altar of Zin.
 11141 | D:8      | Reached XP level 10. HP: 26/45 MP: 7/17
 11684 | D:9      | Noticed Erica
 11702 | D:9      | Mangled by Erica

Illustrated notes

Levels and vault maps discovered:
D:1:      dpeg_arrival_castle, layout_basic, chequers_ecumenical_altar_island,
          serial_forest, infiniplex_forest_lined_1, infiniplex_forest_pool,
          infiniplex_forest_lined_ring, infiniplex_forest_lined_1,
          infiniplex_forest_lined_room_3, infiniplex_forest_clump_curved,
          infiniplex_forest_straight_1, infiniplex_forest_clump_diagonal,
          infiniplex_forest_corner_1
D:2:      layout_basic
D:3:      layout_basic, hangedman_glass_teeth
D:4:      layout_basic
D:5:      layout_basic, minmay_temple_entry_glassed_door, uniq_grinder
D:6:      layout_rooms, nicolae_ashenzari_skybound, minitemple,
          amcnicky_mini_pool_small
D:7:      layout_rooms, serial_undead, serial_undead_a, serial_undead_d,
          serial_undead_f, serial_undead_c, serial_undead_d, serial_undead_a,
          serial_undead_b, serial_undead_e, enter_bailey_5, minivault_19
D:8:      layout_basic, mainiacjoe_overflow_paths, kennysheep_cross_room
D:9:      layout_basic, erik_lair_island, uniq_psyche, uniq_maggie, uniq_erica
Temple:   bh_familiar_temple

Skill      XL: |  1  2  3  4  5  6  7  8  9 10 |
---------------+-------------------------------+-----
Conjurations   | 3 4 6 7 |  7.5
Spellcasting   | 3 4 |  4.0
Short Blades   | 2 3 4 |  4.9
Stealth        | 4 5 |  5.6
Hexes          | 3 5 8 9 |  9.9
Dodging        | 3 4 5 |  5.3
Fighting       | 1 |  1.0
Translocations | 2 3 |  3.1
Evocations     | 2 |  2.1

Action                   |  1- 3 |  4- 6 |  7- 9 | 10-12 || total
-------------------------+-------+-------+-------+-------++-------
Melee: Rapier            |   215 |    45 |    38 |       ||   298
       Punch             |     3 |       |     3 |       ||     6
       Dagger            |     5 |    23 |    42 |       ||    70
       Mace              |       |       |     1 |     1 ||     2
 Cast: Magic Dart        |    41 |    48 |    78 |     3 ||   170
       Searing Ray       |     5 |    24 |    58 |     3 ||    90
       Dazzling Flash    |       |     2 |     2 |       ||     4
       Fulminant Prism   |       |       |     9 |       ||     9
Evoke: Wand              |       |       |     2 |       ||     2
  Use: Scroll            |       |     6 |     9 |       ||    15
       Potion            |       |     2 |     2 |       ||     4
 Stab: Sleeping          |     3 |     4 |     2 |       ||     9
       Invisible         |       |     2 |       |       ||     2
       Paralysed         |       |       |     3 |       ||     3
Armor: Robe              |     1 |     5 |    17 |       ||    23
Dodge: Dodged            |    25 |    50 |   125 |    11 ||   211
Block: Other             |     1 |       |       |       ||     1
